[Event "NSV Open-ch Rapid 2019"]
[Site "Lueneburg"]
[Date "2019.08.03"]
[Round "1.2"]
[White "Lai Hop, Long"]
[Black "Schneider, Ilja"]
[Result "0-1"]
[ECO "D15"]
[WhiteElo "1817"]
[BlackElo "2494"]
[Annotator "RC"]
[PlyCount "98"]
[EventDate "2019.08.03"]
[EventType "swiss"]
[EventCountry "GER"]
[SourceTitle "playchess.com"]
[Source "ChessBase"]
[SourceQuality "1"]
[TimeControl "600+5"]

1. c4 c6 2. d4 d5 3. Nf3 Nf6 4. Nc3 a6 5. g3 b5 6. cxd5 cxd5 7. Bg2 e6 8. O-O Bd6 9. Bg5 Bb7 10. Re1 Nbd7 11. Rc1 O-O 12. Nd2 h6 13. Bxf6 Nxf6 14. e4 dxe4 15. Ndxe4 Nxe4 16. Nxe4 Be7 17. Re2 Rc8 18. Rec2 Rxc2 19. Rxc2 Qa8 20. f3 Rd8 21. Rd2 Bd5 22. a3 Qa7 23. b4 Bxe4 24. fxe4 Bg5 25. Rd3 e5 26. Kh1 Rc8 27. Qe2 Rc1+ 28. Rd1 Qxd4 29. Bf3 Rxd1+ 30. Qxd1 Qc3 31. Be2 Qxa3 32. Qd6 Qe3 33. Qd3 Qxd3 34. Bxd3 Be7 35. Kg2 Bxb4 36. Kf3 Kf8 37. Ke2 Ke7 38. Kd1 Kd6 39. Kc2 Kc5 40. h3 Be1 41. g4 a5 42. Kd1 Bh4 43. Kc2 a4 44. Kb2 b4 45. Ba6 Bf2 46. Bc8 Bd4+ 47. Kb1 b3 48. Bd7 a3 49. Be8 a2+ 0-1

[Event "NSV Open-ch Rapid 2019"]
[Site "Lueneburg"]
[Date "2019.08.03"]
[Round "1.3"]
[White "Lubbe, Nikolas"]
[Black "Wirries, Frank-Michael"]
[Result "1-0"]
[ECO "B08"]
[WhiteElo "2431"]
[BlackElo "1858"]
[Annotator "ChessBase"]
[PlyCount "49"]
[EventDate "2019.08.03"]
[EventType "swiss"]
[EventCountry "GER"]
[SourceTitle "playchess.com"]
[Source "ChessBase"]
[SourceQuality "1"]
[TimeControl "600+5"]

1. d4 Nf6 2. Nc3 g6 3. e4 d6 4. Nf3 Bg7 5. Be2 O-O 6. O-O Nbd7 7. h3 c6 8. Be3 Qc7 9. a4 e5 10. dxe5 dxe5 11. Qd2 Nh5 12. Rfd1 Nf4 13. Bf1 Nf6 14. Bc5 Re8 15. Bd6 Qb6 16. a5 Qd8 17. Bxe5 Qxd2 18. Rxd2 Nxe4 19. Nxe4 Bxe5 20. Nxe5 Rxe5 21. Rd8+ Kg7 22. Nd6 Ne6 23. Rxc8 Rxc8 24. Nxc8 Rd5 25. Nxa7 1-0

[Event "NSV Open-ch Rapid 2019"]
[Site "Lueneburg"]
[Date "2019.08.03"]
[Round "1.4"]
[White "Kotyk, Michael"]
[Black "Jahncke, Giso"]
[Result "0-1"]
[ECO "A06"]
[WhiteElo "1998"]
[BlackElo "2325"]
[Annotator "ChessBase"]
[PlyCount "100"]
[EventDate "2019.08.03"]
[EventType "swiss"]
[EventCountry "GER"]
[SourceTitle "playchess.com"]
[Source "ChessBase"]
[SourceQuality "1"]
[TimeControl "600+5"]

1. Nf3 d5 2. b3 Nf6 3. Bb2 e6 4. e3 Be7 5. g4 O-O 6. g5 Ne4 7. h4 c5 8. d3 Nd6 9. Nbd2 Nc6 10. Qe2 Re8 11. e4 Bf8 12. Bh3 dxe4 13. Nxe4 Nxe4 14. Qxe4 Qd5 15. O-O-O b6 16. c4 Qxe4 17. dxe4 Bb7 18. Rd7 Na5 19. Ne5 Bxe4 20. Rhd1 Be7 21. Bc3 Nc6 22. Nxc6 Bxc6 23. Rc7 Be4 24. Rdd7 Bd8 25. Bxe6 Bxc7 26. Bxf7+ Kf8 27. Bxe8 Bf4+ 28. Kb2 Kxe8 29. Rxg7 Rd8 30. Bf6 Rd7 31. Rg8+ Kf7 32. Rh8 Rd2+ 33. Ka3 Rxf2 34. Bb2 Be3 35. Rc8 Bd4 36. Rc7+ Ke6 37. Bxd4 cxd4 38. h5 Rh2 39. g6 hxg6 40. hxg6 Bxg6 41. c5 bxc5 42. Rxc5 d3 43. Rc6+ Kf5 44. Rd6 d2 45. b4 Bh5 46. Rd3 d1=Q 47. Rb3 Qxb3+ 48. axb3 Ke6 49. b5 Kd6 50. b6 axb6 0-1

[Event "NSV Open-ch Rapid 2019"]
[Site "Lueneburg"]
[Date "2019.08.03"]
[Round "1.6"]
[White "Weidenhoefer, Max"]
[Black "Ertan, Can"]
[Result "0-1"]
[ECO "C54"]
[WhiteElo "1805"]
[BlackElo "2396"]
[Annotator "ChessBase"]
[PlyCount "94"]
[EventDate "2019.08.03"]
[EventType "swiss"]
[EventCountry "GER"]
[SourceTitle "playchess.com"]
[Source "ChessBase"]
[SourceQuality "1"]
[TimeControl "600+5"]

1. e4 e5 2. Nf3 Nc6 3. Bc4 Bc5 4. c3 Nf6 5. d3 O-O 6. O-O d6 7. Nbd2 a6 8. Bb3 Ba7 9. Re1 Be6 10. Nf1 Ng4 11. Ne3 Nxe3 12. Bxe3 Re8 13. Bc2 d5 14. Qe2 d4 15. Bd2 h6 16. h3 Qf6 17. c4 Ne7 18. Ba4 c6 19. Nh2 Qg6 20. Kh1 b5 21. Bb3 c5 22. Bc2 bxc4 23. dxc4 Rab8 24. b3 Bb6 25. Ng4 Nc6 26. Qf3 Rbd8 27. Bd3 Bc8 28. a3 Ba5 29. Bxa5 Nxa5 30. Rab1 h5 31. Nh2 Be6 32. Be2 Rb8 33. Nf1 Rb7 34. Nd2 Reb8 35. Rb2 Qg5 36. Reb1 g6 37. b4 Nc6 38. b5 axb5 39. cxb5 Na5 40. Rc2 Qe7 41. a4 Rc8 42. Nc4 Bxc4 43. Bxc4 Rb6 44. Qg3 Rd8 45. Qxg6+ Rxg6 46. Bd5 Rb6 47. Rbc1 Rc8 0-1

[Event "NSV Open-ch Rapid 2019"]
[Site "Lueneburg"]
[Date "2019.08.03"]
[Round "1.8"]
[White "Colbow, Collin"]
[Black "Bach, Matthias"]
[Result "1/2-1/2"]
[ECO "B29"]
[WhiteElo "2167"]
[BlackElo "2241"]
[Annotator "ChessBase"]
[PlyCount "104"]
[EventDate "2019.08.03"]
[EventType "swiss"]
[EventCountry "GER"]
[SourceTitle "playchess.com"]
[Source "ChessBase"]
[SourceQuality "1"]
[TimeControl "600+5"]

1. e4 c5 2. Nf3 Nf6 3. Nc3 d5 4. exd5 Nxd5 5. d4 Nxc3 6. bxc3 g6 7. Bd3 Bg7 8. h3 O-O 9. O-O Nc6 10. Be4 cxd4 11. Bxc6 bxc6 12. cxd4 Be6 13. c3 Qa5 14. Bd2 Rfd8 15. Qe2 Qb5 16. Qxb5 cxb5 17. Rfe1 Kf8 18. Ne5 Rdc8 19. a4 a6 20. d5 Bxe5 21. Rxe5 Bd7 22. Bh6+ Ke8 23. Bg5 e6 24. dxe6 Bxe6 25. axb5 axb5 26. Rxa8 Rxa8 27. Rxb5 Kd7 28. Kh2 Kc6 29. Rb4 Ra5 30. Be3 Rb5 31. g4 Rxb4 32. cxb4 h5 33. gxh5 gxh5 34. Kg3 Bd5 35. Kf4 Kd6 36. Kg5 Bf3 37. Kf6 Bd5 38. b5 Kc7 39. b6+ Kb7 40. h4 Kc6 41. Kg5 Bf3 42. Kf4 Bd5 43. Ke5 Bf3 44. Bd4 Kb7 45. Kd6 Bc6 46. f4 Bf3 47. f5 Be4 48. Ke5 Bf3 49. Kf6 Bd5 50. Kg5 Bf3 51. f6 Bg4 52. Kh6 Kc6 1/2-1/2

[Event "NSV Open-ch Rapid 2019"]
[Site "Lueneburg"]
[Date "2019.08.03"]
[Round "1.10"]
[White "Dralle, Hannes"]
[Black "Voege, Tobias"]
[Result "0-1"]
[ECO "B38"]
[WhiteElo "1732"]
[BlackElo "2303"]
[Annotator "ChessBase"]
[PlyCount "78"]
[EventDate "2019.08.03"]
[EventType "swiss"]
[EventCountry "GER"]
[SourceTitle "playchess.com"]
[Source "ChessBase"]
[SourceQuality "1"]
[TimeControl "600+5"]

1. e4 c5 2. Nf3 Nc6 3. d4 cxd4 4. Nxd4 g6 5. c4 Bg7 6. Be3 Nf6 7. Nc3 O-O 8. Be2 d6 9. f3 Nxd4 10. Bxd4 a5 11. O-O Bd7 12. Qd2 Bc6 13. Nd5 Nd7 14. Bxg7 Kxg7 15. Qd4+ Kg8 16. Rae1 Bxd5 17. exd5 Qb6 18. Qxb6 Nxb6 19. Bd3 Rfe8 20. Re2 Kf8 21. f4 Nd7 22. g4 Rac8 23. h4 Rc7 24. b3 a4 25. h5 axb3 26. axb3 Nf6 27. hxg6 hxg6 28. f5 g5 29. Rg2 Ra8 30. Kh2 Ra3 31. Rb1 Kg7 32. Kg3 b5 33. Rc2 bxc4 34. Rxc4 Rb7 35. Rd4 Rbxb3 36. Rxb3 Rxb3 37. Kf2 Nxg4+ 38. Rxg4 Rxd3 39. Rxg5+ Kf6 0-1

[Event "NSV Open-ch Rapid 2019"]
[Site "Lueneburg"]
[Date "2019.08.03"]
[Round "1.11"]
[White "Ramme, Christoph"]
[Black "Bargsten, Justus"]
[Result "0-1"]
[ECO "B33"]
[WhiteElo "2154"]
[BlackElo "1946"]
[Annotator "ChessBase"]
[PlyCount "104"]
[EventDate "2019.08.03"]
[EventType "swiss"]
[EventCountry "GER"]
[SourceTitle "playchess.com"]
[Source "ChessBase"]
[SourceQuality "1"]
[TimeControl "600+5"]

1. e4 c5 2. Nf3 Nc6 3. d4 cxd4 4. Nxd4 Nf6 5. Nc3 e5 6. Ndb5 d6 7. Nd5 Nxd5 8. exd5 Ne7 9. c4 Ng6 10. Be2 Be7 11. O-O O-O 12. a4 f5 13. a5 a6 14. Nc3 f4 15. b4 Bf5 16. f3 Bf6 17. Ne4 Rc8 18. Bd2 b6 19. Be1 bxa5 20. bxa5 Qd7 21. Bf2 Bd8 22. c5 Bxe4 23. c6 Rxc6 24. fxe4 Rc7 25. Bxa6 f3 26. gxf3 Ra7 27. Qd3 Nf4 28. Qd2 Rxa6 29. Bg3 Qa7+ 30. Kh1 Rxa5 31. Rxa5 Qxa5 32. Bxf4 Rxf4 33. Qb2 Qb6 34. Qc1 h5 35. Qc8 Kh7 36. Qd7 Qc7 37. Qh3 h4 38. Rg1 Bf6 39. Rf1 Qc4 40. Kg2 Bg5 41. Qe6 Rf6 42. Qg4 Rg6 43. Qh3 Qe2+ 44. Kh1 Bf4 45. Rg1 Rxg1+ 46. Kxg1 Qe1+ 47. Kg2 Qe2+ 48. Kh1 Qxh2+ 49. Qxh2 Bxh2 50. Kxh2 Kh6 51. Kh3 Kg5 52. Kg2 Kf4 0-1

[Event "NSV Open-ch Rapid 2019"]
[Site "Lueneburg"]
[Date "2019.08.03"]
[Round "1.13"]
[White "Stork, Oliver"]
[Black "Kolhoff, Manfred"]
[Result "1-0"]
[ECO "D00"]
[WhiteElo "2322"]
[BlackElo "1616"]
[Annotator "ChessBase"]
[PlyCount "69"]
[EventDate "2019.08.03"]
[EventType "swiss"]
[EventCountry "GER"]
[SourceTitle "playchess.com"]
[Source "ChessBase"]
[SourceQuality "1"]
[TimeControl "600+5"]

1. d4 d5 2. Bf4 Nf6 3. e3 Bf5 4. c4 e6 5. Nc3 Bb4 6. Qb3 Bxc3+ 7. bxc3 b6 8. Nf3 O-O 9. h3 Nbd7 10. Ne5 c5 11. Be2 Rc8 12. O-O Ne4 13. Rfd1 dxc4 14. Nxc4 Qh4 15. Rf1 a6 16. Qa3 b5 17. Nd6 Rc6 18. Nxe4 Bxe4 19. Bg3 Qg5 20. Kh2 h5 21. h4 Qg6 22. f3 Bd5 23. e4 Bc4 24. Bxc4 bxc4 25. Qa4 Rd6 26. Bxd6 Rd8 27. Bc7 Qf6 28. Bxd8 Qxd8 29. g3 cxd4 30. cxd4 Qc7 31. Rac1 a5 32. Qxc4 Qd6 33. e5 Qe7 34. Qc8+ Kh7 35. Rc7 1-0

[Event "NSV Open-ch Rapid 2019"]
[Site "Lueneburg"]
[Date "2019.08.03"]
[Round "1.18"]
[White "Rick, Niklas Corvin"]
[Black "Schulz, Daniel"]
[Result "0-1"]
[ECO "E60"]
[WhiteElo "1444"]
[BlackElo "2071"]
[Annotator "NA"]
[PlyCount "47"]
[EventDate "2019.08.03"]
[EventType "swiss"]
[EventCountry "GER"]
[SourceTitle "playchess.com"]
[Source "ChessBase"]
[SourceQuality "1"]
[TimeControl "600+5"]

1. d4 g6 2. c4 Nf6 3. Nf3 Bg7 4. Bg5 Ne4 5. e3 c5 6. Bf4 cxd4 7. exd4 Nc6 8. Be2 Qa5+ 9. Bd2 Nxd2 10. Qxd2 Qxd2+ 11. Nbxd2 Nxd4 12. O-O Nxe2+ 13. Kh1 d6 14. Rfe1 Nd4 15. Rad1 Bg4 16. Re3 Bf6 17. Rde1 Nxf3 18. Nxf3 Bxf3 19. Rxf3 O-O 20. b3 Be5 21. c5 f5 22. h4 Rac8 23. Rc1 Rc6 24. b4 0-1

[Event "NSV Open-ch Rapid 2019"]
[Site "Lueneburg"]
[Date "2019.08.03"]
[Round "1.19"]
[White "Reimers, Achim"]
[Black "Kueck, Alexander"]
[Result "1-0"]
[ECO "D00"]
[WhiteElo "1975"]
[BlackElo "1374"]
[Annotator "NA RC"]
[PlyCount "105"]
[EventDate "2019.08.03"]
[EventType "swiss"]
[EventCountry "GER"]
[SourceTitle "playchess.com"]
[Source "ChessBase"]
[SourceQuality "1"]
[TimeControl "600+5"]

1. d4 d5 2. c3 Nc6 3. e3 e5 4. dxe5 Nxe5 5. Nd2 Bf5 6. Ndf3 Ng6 7. Bd3 Bxd3 8. Qxd3 Nf6 9. Ne2 Be7 10. O-O O-O 11. b3 c5 12. Bb2 Rc8 13. c4 dxc4 14. Qxc4 Qd7 15. Rfd1 Qc6 16. h3 b5 17. Qc2 c4 18. bxc4 Qxc4 19. Qxc4 Rxc4 20. Ned4 a6 21. Nf5 Rc6 22. Ne5 Nxe5 23. Nxe7+ Kh8 24. Bxe5 Re6 25. Bxf6 gxf6 26. Nf5 Re5 27. Nd4 Rg5 28. Rac1 Rfg8 29. g3 h5 30. h4 Rd5 31. Rc6 Kg7 32. Rdc1 Ra8 33. R1c5 Rxc5 34. Rxc5 Kg6 35. Kg2 Ra7 36. Kf3 Kh6 37. Ke2 Kg6 38. Ke1 Kh6 39. Ne2 Ra8 40. Nf4 Rd8 41. Nxh5 Rd6 42. Nf4 Kg7 43. Ke2 Kf8 44. Ke1 Kg7 45. Ne2 Kh6 46. Nd4 Kg6 47. Rc6 Rxc6 48. Nxc6 Kg7 49. Kd2 Kf8 50. Kc3 Ke8 51. Kb4 Kd7 52. Nb8+ Kd6 53. Nxa6 1-0

[Event "NSV Open-ch Rapid 2019"]
[Site "Lueneburg"]
[Date "2019.08.03"]
[Round "1.20"]
[White "Schubert, Karl Heinz"]
[Black "Joppien, Arne"]
[Result "0-1"]
[ECO "B10"]
[WhiteElo "1335"]
[BlackElo "1940"]
[Annotator "NA"]
[PlyCount "94"]
[EventDate "2019.08.03"]
[EventType "swiss"]
[EventCountry "GER"]
[SourceTitle "playchess.com"]
[Source "ChessBase"]
[SourceQuality "1"]
[TimeControl "600+5"]

1. e4 c6 2. b3 e5 3. Bb2 d6 4. Nf3 Bg4 5. h3 Bxf3 6. Qxf3 Nf6 7. d3 g6 8. Be2 Bg7 9. Nc3 O-O 10. g4 Nbd7 11. h4 b5 12. g5 Nh5 13. Qg2 Nf4 14. Qg4 b4 15. Nd1 d5 16. Bc1 dxe4 17. Bxf4 exf4 18. Rb1 exd3 19. Bxd3 Re8+ 20. Kf1 Ne5 21. Qe2 Nxd3 22. Qxd3 Qxd3+ 23. cxd3 Rad8 24. Nb2 Bxb2 25. Rxb2 Rxd3 26. h5 Rd1+ 27. Kg2 Rxh1 28. Kxh1 gxh5 29. Rc2 Re6 30. Rc4 Re2 31. Kg2 Rxa2 32. Rxc6 Rb2 33. Rh6 Rxb3 34. Rxh5 a5 35. Rh4 a4 36. Rxf4 a3 37. Rd4 a2 38. Rd1 Rb1 39. Rd8+ Kg7 40. Kf3 a1=Q 41. Kg4 Rg1+ 42. Kf4 Qc1+ 43. Kf3 Qxg5 44. Rd4 b3 45. Rb4 b2 46. Rxb2 Qd5+ 47. Kf4 Qd4+ 0-1

[Event "NSV Open-ch Rapid 2019"]
[Site "Lueneburg"]
[Date "2019.08.03"]
[Round "1.22"]
[White "Krueger, Dietrich"]
[Black "von Estorff, Jacob"]
[Result "0-1"]
[ECO "D00"]
[WhiteElo "1243"]
[BlackElo "2055"]
[Annotator "NA"]
[PlyCount "44"]
[EventDate "2019.08.03"]
[EventType "swiss"]
[EventCountry "GER"]
[SourceTitle "playchess.com"]
[Source "ChessBase"]
[SourceQuality "1"]
[TimeControl "600+5"]

1. d4 Nf6 2. Nc3 d5 3. Bf4 e6 4. e3 Bd6 5. Qf3 O-O 6. Bd3 c5 7. Bg5 Nbd7 8. Nge2 c4 9. e4 cxd3 10. cxd3 dxe4 11. dxe4 Be7 12. h4 b5 13. O-O-O b4 14. e5 Nd5 15. Ne4 Ba6 16. Nf4 Nxf4 17. Qxf4 b3 18. a3 Nb6 19. h5 Qc7+ 20. Kb1 Qc2+ 21. Ka1 Bxa3 22. Rd2 Bxb2# 0-1

[Event "NSV Open-ch Rapid 2019"]
[Site "Lueneburg"]
[Date "2019.08.03"]
[Round "1.25"]
[White "Doederlein, Etienne"]
[Black "Guo, Philipp Ziming"]
[Result "1/2-1/2"]
[ECO "D05"]
[WhiteElo "1868"]
[BlackElo "1728"]
[Annotator "NA"]
[PlyCount "85"]
[EventDate "2019.08.03"]
[EventType "swiss"]
[EventCountry "GER"]
[SourceTitle "playchess.com"]
[Source "ChessBase"]
[SourceQuality "1"]
[TimeControl "600+5"]

1. d4 Nf6 2. Nf3 e6 3. e3 d5 4. Bd3 Be7 5. c3 b6 6. Nbd2 Bb7 7. O-O Nbd7 8. Ne5 Nxe5 9. dxe5 Nd7 10. f4 c5 11. Qf3 Qc7 12. Qh3 h5 13. c4 O-O-O 14. cxd5 exd5 15. Bb5 Kb8 16. Nf3 a6 17. Be2 Rdg8 18. Nh4 Bxh4 19. Qxh4 c4 20. Qe7 Nc5 21. Qxc7+ Kxc7 22. Bd2 Ne4 23. Rfd1 f6 24. exf6 gxf6 25. Bf3 f5 26. Bxe4 fxe4 27. Bc3 Rh6 28. Be5+ Kd7 29. Rac1 Ke6 30. b3 cxb3 31. axb3 Rh7 32. Rd2 Rc8 33. Rxc8 Bxc8 34. Rc2 Bb7 35. Kf2 Rd7 36. Rc7 Rxc7 37. Bxc7 b5 38. Ba5 Kf5 39. Bc3 Bc6 40. b4 Be8 41. Kg3 Bg6 42. Kh4 Be8 43. Kg3 1/2-1/2

[Event "NSV Open-ch Rapid 2019"]
[Site "Lueneburg"]
[Date "2019.08.03"]
[Round "2.1"]
[White "Marzik, Hans"]
[Black "Vorobiov, Evgeny E."]
[Result "0-1"]
[ECO "D21"]
[WhiteElo "2105"]
[BlackElo "2578"]
[Annotator "RC"]
[PlyCount "42"]
[EventDate "2019.08.03"]
[EventType "swiss"]
[EventCountry "GER"]
[SourceTitle "playchess.com"]
[Source "ChessBase"]
[SourceQuality "1"]
[TimeControl "600+5"]

1. d4 d5 2. c4 dxc4 3. Nf3 a6 4. e4 b5 5. a4 Bb7 6. Qc2 e6 7. Be2 Nf6 8. Nbd2 Bb4 9. e5 Nd5 10. O-O Nf4 11. Ne4 Nxe2+ 12. Qxe2 Qd5 13. Ng3 Nc6 14. axb5 Nxd4 15. Qe3 Nxf3+ 16. gxf3 axb5 17. Rxa8+ Bxa8 18. Kg2 h5 19. h4 Be7 20. Bd2 g5 21. Ne4 g4 0-1

[Event "NSV Open-ch Rapid 2019"]
[Site "Lueneburg"]
[Date "2019.08.03"]
[Round "2.2"]
[White "Schneider, Ilja"]
[Black "Chennaoui, Yasin"]
[Result "1-0"]
[ECO "B07"]
[WhiteElo "2494"]
[BlackElo "2092"]
[Annotator "RC"]
[PlyCount "115"]
[EventDate "2019.08.03"]
[EventType "swiss"]
[EventCountry "GER"]
[SourceTitle "playchess.com"]
[Source "ChessBase"]
[SourceQuality "1"]
[TimeControl "600+5"]

1. d4 d6 2. e4 Nf6 3. Nc3 e5 4. dxe5 dxe5 5. Qxd8+ Kxd8 6. Bg5 c6 7. O-O-O+ Nbd7 8. g3 h6 9. Bxf6+ gxf6 10. Bh3 Bc5 11. f3 Be3+ 12. Kb1 Ke7 13. Nge2 h5 14. Bf5 Nc5 15. h4 Ne6 16. g4 Nd4 17. Nxd4 exd4 18. Ne2 Bxf5 19. exf5 hxg4 20. Nxd4 Bxd4 21. Rxd4 gxf3 22. Re1+ Kf8 23. Rf1 Re8 24. Kc1 Re3 25. Kd2 Re2+ 26. Kd3 Rh2 27. Rxf3 R8xh4 28. Rd7 Rg2 29. Rxb7 Rhh2 30. Rb8+ Kg7 31. c3 Rd2+ 32. Kc4 Rxb2 33. Rg3+ Kh7 34. Rbg8 Rxa2 35. R8g7+ Kh8 36. Rg8+ Kh7 37. R3g7+ Kh6 38. Rxf7 Rhg2 39. Rxf6+ Kh5 40. Rxg2 Rxg2 41. Rxc6 Ra2 42. Rg6 Ra4+ 43. Kd5 Ra5+ 44. Ke6 Ra6+ 45. Kf7 Ra3 46. Rg3 a5 47. f6 a4 48. Kg7 Kh4 49. Rd3 Ra1 50. Rd4+ Kh5 51. Rd5+ Kh4 52. f7 Rg1+ 53. Kf6 Rf1+ 54. Rf5 Rxf5+ 55. Kxf5 a3 56. f8=Q a2 57. Kf4 a1=Q 58. Qh8# 1-0

[Event "NSV Open-ch Rapid 2019"]
[Site "Lueneburg"]
[Date "2019.08.03"]
[Round "2.12"]
[White "Bargsten, Justus"]
[Black "Doederlein, Etienne"]
[Result "1-0"]
[ECO "B01"]
[WhiteElo "1946"]
[BlackElo "1868"]
[Annotator "NA RC"]
[PlyCount "39"]
[EventDate "2019.08.03"]
[EventType "swiss"]
[EventCountry "GER"]
[SourceTitle "playchess.com"]
[Source "ChessBase"]
[SourceQuality "1"]
[TimeControl "600+5"]

1. e4 d5 2. exd5 Qxd5 3. Nc3 Qd8 4. d4 Nf6 5. Bc4 a6 6. Nf3 b5 7. Bb3 Bb7 8. Bg5 c5 9. dxc5 Qxd1+ 10. Rxd1 Nbd7 11. Bxf6 gxf6 12. Bxf7+ Kxf7 13. Rxd7 Bxf3 14. gxf3 Bh6 15. Nd5 Rae8 16. c6 Rhg8 17. Kd1 Rg5 18. Re1 Re5 19. Rxe5 fxe5 20. c7 1-0

[Event "NSV Open-ch Rapid 2019"]
[Site "Lueneburg"]
[Date "2019.08.03"]
[Round "2.16"]
[White "Egelriede, Nikolas"]
[Black "Mundt, Alexandra"]
[Result "1-0"]
[ECO "C42"]
[WhiteElo "1865"]
[BlackElo "1756"]
[Annotator "NA RC"]
[PlyCount "93"]
[EventDate "2019.08.03"]
[EventType "swiss"]
[EventCountry "GER"]
[SourceTitle "playchess.com"]
[Source "ChessBase"]
[SourceQuality "1"]
[TimeControl "600+5"]

1. e4 e5 2. Nf3 Nf6 3. Nc3 Bb4 4. Nd5 Nxd5 5. exd5 d6 6. Be2 O-O 7. O-O Nd7 8. a4 a5 9. c3 Bc5 10. d4 exd4 11. Nxd4 Re8 12. Be3 Nb6 13. Bf3 Nc4 14. Qc1 Bd7 15. Bg5 Qc8 16. b3 Ne5 17. Bd1 h6 18. Bh4 Ng6 19. Bg3 Bxd4 20. cxd4 b5 21. Bc2 Ne7 22. Qd2 Nxd5 23. Qd3 Nf6 24. Bh4 g5 25. Bg3 bxa4 26. bxa4 Qa6 27. Qf3 Kg7 28. h4 Qc6 29. Qd1 Rab8 30. hxg5 hxg5 31. Qd2 Qd5 32. Rab1 Bc6 33. f3 Rxb1 34. Rxb1 g4 35. Bd1 Qe6 36. Qxa5 Qe3+ 37. Bf2 Qd3 38. Qg5+ Kf8 39. Rc1 Nh7 40. Qh6+ Ke7 41. Bh4+ Kd7 42. Bc2 Qe2 43. Qxh7 Bd5 44. Bf5+ Be6 45. Bxe6+ Rxe6 46. Qxf7+ Kc8 47. Qxc7# 1-0

[Event "NSV Open-ch Rapid 2019"]
[Site "Lueneburg"]
[Date "2019.08.03"]
[Round "2.19"]
[White "Serrer, David"]
[Black "Kotyk, Michael"]
[Result "0-1"]
[ECO "C50"]
[WhiteElo "1516"]
[BlackElo "1998"]
[Annotator "NA RC"]
[PlyCount "82"]
[EventDate "2019.08.03"]
[EventType "swiss"]
[EventCountry "GER"]
[SourceTitle "playchess.com"]
[Source "ChessBase"]
[SourceQuality "1"]
[TimeControl "600+5"]

1. e4 e5 2. Nf3 Nc6 3. Bc4 Bc5 4. d3 Nf6 5. O-O O-O 6. a3 d6 7. Be3 Bb6 8. Nbd2 Ne7 9. h3 Ng6 10. Nh2 Bxe3 11. fxe3 d5 12. exd5 Nxd5 13. Bxd5 Qxd5 14. Qf3 Qxf3 15. Nhxf3 f5 16. e4 f4 17. Nc4 Re8 18. Rfe1 b5 19. Na5 Bd7 20. Nb3 h6 21. Rac1 Be6 22. Nc5 Bf7 23. c4 bxc4 24. dxc4 Red8 25. b4 Kf8 26. Rcd1 Ke7 27. Nb7 Rxd1 28. Rxd1 Be8 29. c5 Bc6 30. Na5 Bxe4 31. Re1 Bxf3 32. gxf3 Ke6 33. Rd1 Ne7 34. Nc4 g5 35. Re1 Ng6 36. Rd1 h5 37. Kf2 g4 38. hxg4 hxg4 39. fxg4 e4 40. Re1 Kd5 41. Nd2 e3+ 0-1

[Event "NSV Open-ch Rapid 2019"]
[Site "Lueneburg"]
[Date "2019.08.03"]
[Round "2.20"]
[White "Britsch, Benjamin"]
[Black "Rick, Niklas Corvin"]
[Result "1-0"]
[ECO "D00"]
[WhiteElo "1835"]
[BlackElo "1444"]
[Annotator "NA RC"]
[PlyCount "35"]
[EventDate "2019.08.03"]
[EventType "swiss"]
[EventCountry "GER"]
[SourceTitle "playchess.com"]
[Source "ChessBase"]
[SourceQuality "1"]
[TimeControl "600+5"]

1. d4 d5 2. Bg5 Bf5 3. e3 Nf6 4. c4 e6 5. Nc3 Be7 6. Qb3 Qc8 7. cxd5 exd5 8. Bxf6 Bxf6 9. Nxd5 Bd8 10. Nc3 Nc6 11. Bb5 Qd7 12. d5 O-O 13. dxc6 bxc6 14. Be2 Bf6 15. Rd1 Qe7 16. Bd3 Bxd3 17. Rxd3 Qe4 18. Nxe4 1-0

[Event "NSV Open-ch Rapid 2019"]
[Site "Lueneburg"]
[Date "2019.08.03"]
[Round "2.21"]
[White "Kueck, Alexander"]
[Black "Weidenhoefer, Max"]
[Result "0-1"]
[ECO "B18"]
[WhiteElo "1374"]
[BlackElo "1805"]
[Annotator "NA RC"]
[PlyCount "32"]
[EventDate "2019.08.03"]
[EventType "swiss"]
[EventCountry "GER"]
[SourceTitle "playchess.com"]
[Source "ChessBase"]
[SourceQuality "1"]
[TimeControl "600+5"]

1. e4 c6 2. d4 d5 3. Nc3 dxe4 4. Nxe4 Bf5 5. Nc3 e6 6. Nf3 Nf6 7. Bf4 Nd5 8. Bd2 Nd7 9. Bc4 N7b6 10. Qe2 Bxc2 11. O-O Be7 12. Ne1 Bg6 13. Qf3 Nxc4 14. Qe2 Nxb2 15. Be3 Nxc3 16. Rc1 Nxe2+ 0-1

[Event "NSV Open-ch Rapid 2019"]
[Site "Lueneburg"]
[Date "2019.08.03"]
[Round "2.22"]
[White "Rothenberg, Jannik"]
[Black "Schubert, Karl Heinz"]
[Result "1-0"]
[ECO "A40"]
[WhiteElo "1859"]
[BlackElo "1335"]
[Annotator "NA RC"]
[PlyCount "51"]
[EventDate "2019.08.03"]
[EventType "swiss"]
[EventCountry "GER"]
[SourceTitle "playchess.com"]
[Source "ChessBase"]
[SourceQuality "1"]
[TimeControl "600+5"]

1. d4 b6 2. c4 d6 3. Nc3 Bb7 4. e4 Nd7 5. f4 e6 6. Nf3 Ngf6 7. e5 dxe5 8. fxe5 Ng4 9. h3 Nh6 10. Bxh6 gxh6 11. Be2 Bb4 12. O-O Rg8 13. Qc2 Qe7 14. Ne4 O-O-O 15. a3 f5 16. exf6 Nxf6 17. Nxf6 Qxf6 18. axb4 Rg6 19. Rf2 Rdg8 20. Rxa7 Kb8 21. Rxb7+ Kxb7 22. Qe4+ Kb8 23. Ne5 Qg5 24. Nxg6 Rxg6 25. Rf8+ Ka7 26. Ra8# 1-0

[Event "NSV Open-ch Rapid 2019"]
[Site "Lueneburg"]
[Date "2019.08.03"]
[Round "2.23"]
[White "Harnack, Bernhard"]
[Black "Krueger, Dietrich"]
[Result "1-0"]
[ECO "A06"]
[WhiteElo "1712"]
[BlackElo "1243"]
[Annotator "NA RC"]
[PlyCount "51"]
[EventDate "2019.08.03"]
[EventType "swiss"]
[EventCountry "GER"]
[SourceTitle "playchess.com"]
[Source "ChessBase"]
[SourceQuality "1"]
[TimeControl "600+5"]

1. Nf3 d5 2. e3 Bg4 3. h3 Bh5 4. Be2 Nf6 5. Ne5 Bxe2 6. Qxe2 e6 7. O-O Qd6 8. f4 Nbd7 9. d4 Ne4 10. Kh2 O-O-O 11. c4 Qe7 12. Nc3 Nxe5 13. fxe5 Qg5 14. Nxe4 dxe4 15. Rxf7 Be7 16. Bd2 h5 17. Raf1 h4 18. R7f4 Qg3+ 19. Kh1 Qg5 20. Rxe4 Rhf8 21. Ref4 Rxf4 22. exf4 Qg6 23. Qe3 Qc2 24. Qc3 Qf5 25. Kg1 g5 26. fxg5 1-0

[Event "NSV Open-ch Rapid 2019"]
[Site "Lueneburg"]
[Date "2019.08.03"]
[Round "2.24"]
[White "Marzik, Arne"]
[Black "Dralle, Hannes"]
[Result "1-0"]
[ECO "E67"]
[WhiteElo "1366"]
[BlackElo "1732"]
[Annotator "NA RC"]
[PlyCount "49"]
[EventDate "2019.08.03"]
[EventType "swiss"]
[EventCountry "GER"]
[SourceTitle "playchess.com"]
[Source "ChessBase"]
[SourceQuality "1"]
[TimeControl "600+5"]

1. d4 Nf6 2. Nf3 g6 3. g3 Bg7 4. Bg2 O-O 5. O-O d6 6. c4 Nbd7 7. Nc3 e5 8. e3 exd4 9. exd4 Nb6 10. b3 c5 11. Bg5 Qc7 12. Nb5 Qd7 13. Rc1 Ne4 14. Bf4 a6 15. dxc5 axb5 16. cxb6 Rxa2 17. Nd4 Nc5 18. Nxb5 Qf5 19. Nxd6 Qd7 20. Nxc8 Qxc8 21. Rb1 Rd8 22. Qf3 Ra3 23. Bc7 Rd3 24. Qe2 Nxb3 25. Qxd3 1-0